 Dungeon Crawl Stone Soup version 0.21.0-37-g46506fa (webtiles) character file.

434291 Megalobster the Rich (level 23, -6/191 HPs)
             Began as a Gnoll Transmuter on Feb 1, 2018.
             Was an Initiate of Gozag.
             Mangled by an azure jelly (11 damage)
             ... created by the Royal Jelly
             ... while paralysed
             ... on level 5 of the Pits of Slime on Feb 2, 2018.
             The game lasted 05:49:48 (77421 turns).

Megalobster the Rich (Gnoll Transmuter)            Turns: 77421, Time: 05:49:49

Health: -6/191     AC:  3    Str: 17    XL:     23   Next: 98%
Magic:  0/42       EV:  2    Int: 34    God:    Gozag
Gold:   2719       SH:  0    Dex: 16    Spells: 10/53 levels left

rFire    . . .     SeeInvis +   b - +9 broad axe (chaos)
rCold    + . .     Gourm    .   v - +3 buckler "Cuzanuho" {rElec}
rNeg     + . .     Faith    .   V - +4 faerie dragon scales {rCorr HP+9 Int+5}
rPois    +         Spirit   +   l - +2 helmet
rElec    +         Reflect  .   A - +0 cloak of the Endless Expanse {rPois Int+4}
rCorr    +         Harm     .   J - +3 pair of gauntlets of War {Slay+5}
MR       ++...                  o - +2 pair of boots {run}
Stlth    ++++++....             x - amulet "Ruryfynn" {Spirit *Slow rC+ rN+ Int+6}
HPRegen  0.41/turn              y - ring of protection from magic
MPRegen  0.28/turn              G - ring of see invisible

@: paralysed, corroded, gold aura, berserk cooldown, flying, very slightly
contaminated, hasted and slowed, quick
A: distributed training, fangs 1, dopey 1, screaming 1, strong nose
}: 2/15 runes: decaying, gossamer
a: Potion Petition, Call Merchant, Bribe Branch, Renounce Religion


You were on level 5 of the Pits of Slime.
You worshipped Gozag.
Gozag was most pleased with you.
You were not hungry.

You visited 9 branches of the dungeon, and saw 46 of its levels.
You also visited: Labyrinth.

You collected 20704 gold pieces.
You spent 8179 gold pieces at shops.
You paid 9806 gold pieces to Gozag.

Inventory:

Hand Weapons
 a - the +5 demon blade of Severance {flame, rN+ Dex+3}
   (You bought it in a shop on level 1 of the Vaults)

   It has been specially enchanted to burn those struck by it, causing extra
   injury to most foes and up to half again as much damage against particularly
   susceptible opponents.
   Big, fiery blades are also staple armaments of hydra-hunters.
   It affects your dexterity (+3).
   It protects you from negative energy.
 b - a +9 broad axe of chaos (weapon)
Missiles
 q - 1102 stones (quivered)
 S - 3 tomahawks of returning
Armour
 l - a +2 helmet (worn)
 o - a +2 pair of boots of running (worn)
 v - the +3 buckler "Cuzanuho" (worn) {rElec}
   (You found it on level 1 of the Spider Nest)

   It insulates you from electricity.
 A - the +0 cloak of the Endless Expanse (worn) {rPois Int+4}
   (You bought it in a shop on level 11 of the Dungeon)

   It affects your intelligence (+4).
   It protects you from poison.
 J - the +3 pair of gauntlets of War (worn) {Slay+5}
   (You bought it in a shop on level 9 of the Dungeon)

   It affects your accuracy and damage with ranged weapons and melee attacks
   (+5).
 V - the +4 faerie dragon scales (worn) {rCorr HP+9 Int+5}
   (You took it off the Enchantress on level 2 of the Depths)

   It affects your intelligence (+5).
   It affects your health (+9).
   It protects you from acid and corrosion.
Jewellery
 x - the amulet "Ruryfynn" (around neck) {Spirit *Slow rC+ rN+ Int+6}
   (You acquired it on level 2 of the Spider Nest)

   [amulet of guardian spirit]

   It causes incoming damage to be split between your health and magic.
   It affects your intelligence (+6).
   It protects you from cold.
   It protects you from negative energy.
   It may slow you when you take damage.
 y - a ring of protection from magic (left hand)
 G - a ring of see invisible (right hand)
Wands
 c - a wand of iceblast (9)
 r - a wand of flame (15)
 u - a wand of acid (19)
 D - a wand of disintegration (5)
 P - a wand of digging (20)
 W - a wand of clouds (4)
 X - a wand of scattershot (11)
Scrolls
 e - 14 scrolls of remove curse {@r2}
 k - 17 scrolls of teleportation
 w - 9 scrolls of identify {@r1}
 B - 2 scrolls of summoning
 C - 5 scrolls of fog
 K - 4 scrolls of blinking
 M - a scroll of holy word
 O - 8 scrolls of fear
Potions
 f - 6 potions of flight
 g - 3 potions of invisibility
 h - 17 potions of curing {@q1}
 i - 11 potions of lignification
 j - 5 potions of mutation
 m - 2 potions of magic
 n - 2 potions of might
 s - 4 potions of cancellation
 E - 3 potions of haste
 H - a potion of agility
 I - 3 potions of berserk rage
 T - 6 potions of heal wounds
 U - 5 potions of ambrosia
 Z - 9 potions of brilliance
Miscellaneous
 z - a lamp of fire (inert)
 N - a phial of floods
Comestibles
 d - 15 rations


   Skills:
 + Level 15.4 Fighting
 + Level 15.2 Short Blades
 + Level 15.2 Long Blades
 + Level 15.2 Axes
 + Level 15.2 Maces & Flails
 + Level 15.2 Polearms
 + Level 15.2 Staves
 + Level 15.2 Slings
 + Level 15.2 Bows
 + Level 15.2 Crossbows
 + Level 15.2 Throwing
 + Level 15.2 Armour
 + Level 15.7 Dodging
 + Level 15.2 Stealth
 + Level 15.2 Shields
 + Level 16.2 Unarmed Combat
 + Level 15.8 Spellcasting
 + Level 13.1 Conjurations
 + Level 13.1 Hexes
 + Level 13.1 Charms
 + Level 13.1 Summonings
 + Level 13.1 Necromancy
 + Level 13.1 Translocations
 + Level 13.5 Transmutations
 + Level 13.1 Fire Magic
 + Level 13.1 Ice Magic
 + Level 13.1 Air Magic
 + Level 13.1 Earth Magic
 + Level 13.1 Poison Magic
 + Level 16.4 Invocations
 + Level 15.2 Evocations


You had 10 spell levels left.
You knew the following spells:

 Your Spells              Type           Power        Failure   Level  Hunger
a - Beastly Appendage     Tmut           ######       0%          1    None
b - Summon Lightning Spi  Summ/Air       #######.     1%          4    None
c - Malign Gateway        Summ/Tloc      #######...   7%          7    ####...
d - Ice Form              Ice/Tmut       #######.     1%          4    None
e - Regeneration          Chrm/Necr      #######...   1%          3    None
f - Orb of Destruction    Conj           #######...   7%          7    ####...
g - Borgnjor's Vile Clut  Necr/Erth      #######...   1%          5    None
h - Blink                 Tloc           N/A          0%          2    None
i - Blade Hands           Tmut           #######...   1%          5    None
j - Summon Mana Viper     Hex/Summ       #######.     1%          5    None


Dungeon Overview and Level Annotations

Branches:
Dungeon (15/15)            Temple (1/1) D:6            Lair (6/6) D:9
  Swamp (4/4) Lair:3       Spider (4/4) Lair:4        Slime (5/5) Lair:5
    Orc (2/2) D:12            Elf (0/3) Orc:2        Vaults (4/5) D:14
  Crypt (0/3) Vaults:3     Depths (5/5) D:15            Zot (0/5) Depths:5

Altars:
Ashenzari
Cheibriados
Dithmenos
Elyvilon
Fedhas
Gozag
Hepliaklqana
Kikubaaqudgha
Makhleb
Nemelex Xobeh
Okawaru
Qazlal
Ru
Sif Muna
Trog
Uskayaw
Vehumet
Wu Jian
Xom
Yredelemnul
Zin
The Shining One
Lugonu

Shops:
D:6 =   D:7 :   D:9 [([(   D:11 *   D:12 ![   Orc:2 *([:   Vaults:1 (
Vaults:4 *   Depths:1 *   Depths:3 =*!%[   Depths:5 (

Portals:
Hell: Depths:1 Depths:2 Depths:3 Depths:4 Depths:5
Abyss: Depths:1 Depths:3 Depths:4
Pandemonium: Depths:3
Ziggurat: Depths:2
Trove: Depths:2 (show slimy rune of Zot)

Annotations:
D:10 tidbits's ghost, journeyman GnEE
Lair:5 exclusion: oklob plant
Slime:5 Royal Jelly


Innate Abilities, Weirdness & Mutations

Your experience applies equally to all skills.
You have very sharp teeth.
Your uncanny sense of smell can sniff out nearby items.
You are dopey. (Int -2)
You occasionally shout uncontrollably at your foes.


Message History

* * * LOW HITPOINT WARNING * * *
The azure jelly closely misses you. The azure jelly hits you.
* * * LOW HITPOINT WARNING * * *
The azure jelly freezes you! You resist.
* * * LOW HITPOINT WARNING * * *
The azure jelly misses you. The azure jelly closely misses you.
The azure jelly is engulfed in blazing flames.
You block the azure jelly's attack. The azure jelly hits you!
* * * LOW HITPOINT WARNING * * *
The azure jelly freezes you! You resist.
* * * LOW HITPOINT WARNING * * *
The azure jelly barely misses you. The azure jelly completely misses you.
You feel your anger nearly subside.
You are no longer berserk.
You pass out from exhaustion.
You feel as though you will be slow longer.
The azure jelly hits you!
* * * LOW HITPOINT WARNING * * *
The azure jelly freezes you! You resist.
You die...
Your body crumbles into a pile of gold.

.......$$.$...G.....# ∆∆ $
.......$$...........###∆
#.......$$$$$.........###
#.........$.............#
........<$$..(............
...###..........J............
.. #.#.....$............... .
###............J.........
####.$...@................
##.....JJ...............
##.......J...............
#........................
#...........J............
#...........J............
#.......J....JJ..........
#............§§.J.........
###.........§..§JJJ.......


You could see 5 acid blobs, 4 azure jellies and 2 death oozes.

Vanquished Creatures
  An ancient lich (Depths:1)
  Boris (twice) (Vaults:3 Depths:3)
  Sojobo (Vaults:4)
  Bai Suzhen (Swamp:4)
  the Lernaean hydra (Swamp:4)
  A caustic shrike (Depths:2)
  Xtahua (Vaults:3)
  Nikola (Swamp:1)
  3 golden dragons
  A titan (Depths:4)
  2 liches
  14 acid blobs
  2 sphinxes
  3 thorn hunters
  Kirke (D:13)
  A shadow dragon (Depths:5)
  5 tengu reavers
  3 ghost moths
  5 azure jellies
  A draconian knight (Depths:5)
  12 frost giants
  An orc warlord (Orc:2)
  9 vault wardens
  Aizul (Vaults:3)
  3 draconian stormcallers (Depths:5)
  Louise (Swamp:4)
  2 emperor scorpions (Spider:4)
  8 ironheart preservers
  4 spriggan defenders
  A ghoul (Vaults:2)
  An entropy weaver (shapeshifter) (Depths:4)
  17 stone giants
  2 entropy weavers (Spider:3)
  21 very ugly things
  A black draconian (Depths:5)
  3 deep elf demonologists
  Nessos (D:13)
  9 spark wasps
  2 red draconians (Depths:5)
  Azrael (Orc:2)
  3 deep elf annihilators
  A merfolk javelineer (Depths:3)
  7 ettins
  Josephine (Lair:6)
  A minotaur (Lab)
  A deep elf death mage (Vaults:3)
  9 yaktaur captains
  4 death oozes (Slime:5)
  5 fire dragons
  8 great orbs of eyes
  A jiangshi (Vaults:3)
  Erolcha (D:13)
  2 rakshasas
  18 hydras
  Harold (Lair:1)
  7 vault guards
  4 spriggan air magi
  2 ogre magi
  Erica (D:8)
  A ghost crab (Swamp:2)
  4 alligators
  4 ice dragons
  2 catoblepae
  10 two-headed ogres
  14 centaur warriors
  9 death yaks
  2 death knights
  3 death scarabs (Spider:4)
  A two-headed ogre (shapeshifter) (Depths:4)
  2 spriggan berserkers
  6 deep troll shamans
  3 tengu warriors
  An orc high priest (Orc:2)
  A storm dragon zombie (Depths:1)
  Nergalle (D:12)
  A deep elf knight (Vaults:4)
  8 deep troll earth magi
  Urug (Lair:5)
  A sixfirhy (Depths:3)
  A titan skeleton (Depths:1)
  A storm dragon skeleton (Vaults:3)
  9 skeletal warriors
  A salamander mystic (Depths:2)
  3 iron trolls
  9 hell knights
  2 unseen horrors
  The ghost of p0werm0de the Ducker, a novice OpGl of Cheibriados (D:9)
  An unseen horror (shapeshifter) (Vaults:3)
  6 wizards
  A shadow demon (Depths:3)
  4 flayed ghosts
  3 glowing orange brains
  3 shambling mangroves
  A spriggan druid (Swamp:3)
  26 deep trolls
  2 phantasmal warriors
  3 swamp dragons (Swamp:4)
  28 wolf spiders
  A lindwurm (Lair:6)
  7 orc knights
  4 spectral wolf spiders (Spider:4)
  2 deep elf archers
  9 necromancers
  A mana viper (shapeshifter) (Depths:2)
  5 deep elf magi
  9 ironbrand convokers
  10 orb spiders
  8 orc sorcerers (Orc:2)
  27 ugly things
  A moth of wrath (shapeshifter) (Vaults:4)
  2 salamanders (Depths:2)
  5 shining eyes
  A moth of wrath (Spider:2)
  3 cyclopes
  A manticore (D:13)
  15 vault sentinels
  15 elephants
  A water nymph (shapeshifter) (Depths:4)
  2 black mambas
  A torpor snail (Spider:4)
  2 eyes of devastation (Slime:5)
  A gargoyle (D:13)
  A kobold demonologist (D:13)
  12 spiny frogs
  A spectral redback (Spider:4)
  2 rime drakes
  A smoke demon (Depths:3)
  3 freezing wraiths
  4 komodo dragons
  2 redback zombies (Spider:4)
  A komodo dragon (shapeshifter) (Vaults:4)
  2 yaktaur zombies
  3 tengu conjurers
  14 demonic crawlers
  9 trolls
  49 yaktaurs
  An ice devil (Depths:3)
  8 tyrant leeches
  4 polar bears
  36 jumping spiders
  19 hornets
  9 blink frogs
  2 spectral jumping spiders (Spider:4)
  3 spectral tarantellas (Spider:4)
  64 slime creatures
  A fire dragon zombie (Depths:1)
  A bog body (Swamp:4)
  17 hippogriffs
  A sphinx simulacrum (Depths:1)
  A jumping spider zombie (Spider:4)
  An ettin zombie (Depths:1)
  A snapping turtle (shapeshifter) (Slime:2)
  6 air elementals
  4 shadows
  7 wraiths
  11 spriggans
  Sigmund (D:4)
  43 redbacks
  23 tarantellas
  A vampire (D:13)
  2 water elementals (Depths:2)
  3 wyverns
  Eustachio (D:6)
  A fire dragon skeleton (Depths:1)
  A basilisk (shapeshifter) (D:14)
  3 hogs (D:13)
  2 neqoxecs (Depths:3)
  3 fire elementals (Orc:2)
  3 basilisks
  A fire bat (shapeshifter) (Vaults:2)
  42 yaks
  A human (shapeshifter) (Vaults:3)
  4 golden eyes
  The ghost of Zorot the Shield-Bearer, an amateur FoFi of Okawaru (D:11)
  5 hungry ghosts
  5 vampire mosquitoes (Swamp:2)
  8 insubstantial wisps
  The ghost of Zhenya24pyc the Cudgeler, an amateur GrFi (D:3)
  6 wargs
  2 two-headed ogre zombies (D:12)
  An acid dragon (D:11)
  2 soldier ants
  8 swamp worms
  9 water moccasins
  7 porcupines
  A hell hound (Orc:2)
  8 ice beasts
  11 swamp drakes
  Duvessa (D:7)
  5 sky beasts
  A hornet zombie (D:13)
  8 eyes of draining
  37 orc warriors
  3 black bears
  5 boggarts
  2 necrophages
  20 centaurs
  12 wolves
  9 ogres
  3 phantoms
  A tengu (shapeshifter) (Vaults:2)
  3 crocodiles
  5 big kobolds
  13 bullfrogs
  Dowan (D:7)
  4 scorpions
  2 troll zombies (D:12)
  9 wights
  13 howler monkeys
  2 vampire bats (D:6)
  2 electric eels
  13 crimson imps
  6 centaur zombies
  6 hounds
  3 jellies
  A bullfrog zombie (D:13)
  2 bullfrog skeletons
  3 iron imps (Depths:3)
  20 orc priests
  Crazy Yiuf (D:4)
  10 centaur skeletons
  2 iguanas
  20 orc wizards
  7 worker ants
  4 ogre zombies (D:12)
  A hound skeleton (D:4)
  2 worker ant zombies (D:7)
  3 gnolls (D:7)
  5 adders
  3 shadow imps
  An ufetubus (Depths:3)
  3 oozes
  2 adder skeletons
  An adder zombie (D:7)
  4 worms
  4 dart slugs
  7 leopard geckos
  71 orcs
  5 bats
  4 bat skeletons (D:6)
  2 bat zombies (D:6)
  3 giant cockroaches
  12 goblins
  6 hobgoblins
  8 jackals
  32 kobolds
  5 quokkas
  7 frilled lizards
  A goblin skeleton (D:12)
  4 goblin zombies (D:12)
  4 hobgoblin skeletons (D:12)
  2 hobgoblin zombies (D:12)
  A leopard gecko skeleton (D:4)
  4 orc skeletons (D:12)
  10 orc zombies (D:12)
  8 rats
  A bush (Lair:6)
  5 fungi
  A plant (Lair:5)
1542 creatures vanquished.

Vanquished Creatures (collateral kills)
  A caustic shrike (Depths:2)
  2 golden dragons
  the Enchantress (Depths:2)
  2 sphinxes
  12 acid blobs
  Donald (Spider:4)
  5 azure jellies
  A thorn hunter (Swamp:3)
  The ghost of xight the Eclecticist, an adept DEFE of Vehumet (Spider:2)
  A vault warden (Vaults:4)
  An ironheart preserver (Vaults:3)
  2 emperor scorpions (Spider:4)
  A spriggan defender (Depths:3)
  6 very ugly things
  A draconian stormcaller (Depths:5)
  An entropy weaver (Spider:4)
  2 stone giants
  A vampire knight (Depths:3)
  3 spark wasps
  A white draconian (Depths:5)
  2 ettins (Depths:5)
  3 death oozes (Slime:5)
  2 fire dragons
  2 yaktaur captains
  A rakshasa (Vaults:3)
  A vault guard (Vaults:4)
  4 great orbs of eyes
  3 centaur warriors
  2 ice dragons
  4 hydras
  A ghost crab (Swamp:4)
  A death knight (Vaults:2)
  4 death scarabs (Spider:4)
  3 two-headed ogres
  2 tengu warriors
  2 alligators (Swamp:3)
  A deep troll earth mage (Depths:1)
  3 ogre magi
  A deep elf knight (Vaults:3)
  2 spriggan berserkers (Depths:2)
  A storm dragon zombie (Vaults:3)
  6 hell knights
  A skeletal warrior (Vaults:2)
  An iron troll (Depths:5)
  2 spriggan druids (Swamp:2)
  2 deep trolls
  6 swamp dragons
  A swamp dragon (shapeshifter) (Slime:4)
  2 phantasmal warriors
  A wolf spider zombie (Spider:4)
  3 deep elf archers (Vaults:3)
  3 ironbrand convokers
  2 deep elf magi (Vaults:3)
  A necromancer (Depths:4)
  An orc knight (Vaults:1)
  4 wolf spiders
  A cyclops (Vaults:2)
  A frost giant zombie (Depths:1)
  3 shining eyes (Slime:3)
  5 ugly things
  2 salamanders (Depths:2)
  2 moths of wrath (Spider:4)
  2 vault sentinels (Vaults:3)
  A black mamba (shapeshifter) (Vaults:2)
  3 eyes of devastation
  A spiny frog (Swamp:3)
  2 freezing wraiths
  A komodo dragon (shapeshifter) (Depths:2)
  9 yaktaurs
  A spectral redback (Spider:4)
  A demonic crawler (Spider:4)
  A redback zombie (Spider:4)
  7 jumping spiders
  A wind drake (shapeshifter) (Depths:5)
  4 hornets
  A tarantella zombie (Spider:4)
  66 slime creatures
  3 spectral tarantellas (Spider:4)
  2 bog bodies
  An ice dragon zombie (Depths:1)
  2 jumping spider zombies (Spider:4)
  13 redbacks
  5 spriggans
  A water elemental (Depths:2)
  3 tarantellas
  2 wraiths
  A wyvern (Lair:5)
  A yak (shapeshifter) (Depths:3)
  3 vampire mosquitoes (Swamp:2)
  3 golden eyes (Slime:3)
  4 insubstantial wisps
  A human skeleton (Depths:1)
  A hell hound (Orc:2)
  A floating eye (Depths:2)
  An orc warrior (Vaults:4)
  3 swamp drakes (Swamp:4)
  3 eyes of draining
  2 ogres (Vaults:2)
  2 boggarts (Vaults:3)
  4 centaurs
  A quasit (Depths:3)
  A worker ant (D:13)
  An ufetubus (Depths:3)
  An orc (Vaults:4)
308 creatures vanquished.

Vanquished Creatures (others)
  13 eldritch tentacles
  A spriggan air mage (Depths:4)
  A komodo dragon (Swamp:2)
  A human (D:13)
  An ogre (Depths:3)
  A boggart (Depths:1)
  A centaur (Vaults:3)
  A bullfrog (D:12)
  39 fungi
  15 plants
74 creatures vanquished.

Grand Total: 1924 creatures vanquished

Notes
Turn   | Place    | Note
-------+----------+-------------------------------------------
     0 | D:1      | Megalobster the Gnoll Transmuter began the quest for the Orb.
     0 | D:1      | Reached XP level 1. HP: 17/17 MP: 6/6
    14 | D:1      | Noticed a merfolk zombie
   258 | D:1      | Reached XP level 2. HP: 20/23 MP: 7/7
   795 | D:1      | Reached XP level 3. HP: 25/28 MP: 9/9
   797 | D:1      | Reached skill level 5 in Spellcasting
   805 | D:1      | Learned a level 2 spell: Sticks to Snakes
   809 | D:1      | Learned a level 3 spell: Spider Form
  1534 | D:2      | Noticed an ogre
  1569 | D:2      | Reached skill level 1 in Invocations
  1999 | D:2      | You fall through a shaft!
  2012 | D:2      | Reached skill level 1 in Short Blades
  2012 | D:2      | Reached skill level 1 in Long Blades
  2012 | D:2      | Reached skill level 1 in Axes
  2012 | D:2      | Reached skill level 1 in Maces & Flails
  2012 | D:2      | Reached skill level 1 in Polearms
  2012 | D:2      | Reached skill level 1 in Staves
  2012 | D:2      | Reached skill level 1 in Slings
  2012 | D:2      | Reached skill level 1 in Bows
  2012 | D:2      | Reached skill level 1 in Crossbows
  2012 | D:2      | Reached skill level 1 in Throwing
  2012 | D:2      | Reached skill level 1 in Armour
  2012 | D:2      | Reached skill level 1 in Stealth
  2012 | D:2      | Reached skill level 1 in Shields
  2012 | D:2      | Reached skill level 1 in Evocations
  2081 | D:2      | Found a white marble altar of Elyvilon.
  2089 | D:2      | Reached XP level 4. HP: 31/34 MP: 11/11
  2734 | D:3      | Reached skill level 1 in Conjurations
  2734 | D:3      | Reached skill level 1 in Hexes
  2734 | D:3      | Reached skill level 1 in Charms
  2734 | D:3      | Reached skill level 1 in Summonings
  2734 | D:3      | Reached skill level 1 in Necromancy
  2734 | D:3      | Reached skill level 1 in Translocations
  2734 | D:3      | Reached skill level 1 in Fire Magic
  2734 | D:3      | Reached skill level 1 in Ice Magic
  2734 | D:3      | Reached skill level 1 in Air Magic
  2734 | D:3      | Reached skill level 1 in Earth Magic
  2734 | D:3      | Reached skill level 1 in Poison Magic
  2875 | D:3      | Noticed Zhenya24pyc's ghost (amateur GrFi)
  3011 | D:3      | Reached XP level 5. HP: 28/40 MP: 12/12
  3189 | D:3      | Killed Zhenya24pyc's ghost
  3189 | D:3      | Reached XP level 6. HP: 13/47 MP: 10/13
  4001 | D:4      | Noticed an ice beast
  4052 | D:4      | Killed an ice beast
  4052 | D:4      | Reached skill level 5 in Dodging
  4065 | D:4      | Noticed Sigmund
  4143 | D:4      | Noticed a phantom
  4289 | D:4      | Killed a phantom
  4289 | D:4      | Reached XP level 7. HP: 48/52 MP: 13/15
  4299 | D:4      | Killed Sigmund
  4494 | D:4      | Found a runed door.
  4499 | D:4      | Noticed Crazy Yiuf
  4505 | D:4      | Killed Crazy Yiuf
  4868 | D:5      | Entered Level 5 of the Dungeon
  4891 | D:5      | Reached XP level 8. HP: 29/60 MP: 14/16
  5118 | D:5      | Found a hazy altar of Hepliaklqana.
  5482 | D:5      | Learned a level 4 spell: Ice Form
  5587 | D:5      | Got an ichor-stained leather armour
  5598 | D:5      | Identified the +3 leather armour of the Everdark {*Contam rElec Slay+2} (You found it on level 5 of the Dungeon)
  5853 | D:6      | Noticed Eustachio
  5868 | D:6      | Killed Eustachio
  5908 | D:6      | Found an ancient bone altar of Kikubaaqudgha.
  6029 | D:6      | Found Xidor's Jewellery Boutique.
  6730 | D:6      | Found a staircase to the Ecumenical Temple.
  6739 | Temple   | Entered the Ecumenical Temple
  6879 | Temple   | Became a worshipper of Gozag Ym Sagoz the Greedy
  7084 | D:7      | Reached XP level 9. HP: 39/66 MP: 18/18
  7228 | D:7      | Reached skill level 5 in Transmutations
  7650 | D:7      | Noticed Duvessa
  7651 | D:7      | Noticed Dowan
  7665 | D:7      | Killed Duvessa
  7674 | D:7      | Killed Dowan
  7674 | D:7      | Reached skill level 5 in Fighting
  7967 | D:7      | Found Niss's Book Boutique.
  8825 | D:8      | Noticed Erica
  8849 | D:8      | Killed Erica
  8849 | D:8      | Reached skill level 5 in Invocations
  8849 | D:8      | Reached XP level 10. HP: 42/74 MP: 20/20
  9492 | D:8      | Found a sparkling altar of Nemelex Xobeh.
  9497 | D:8      | Found a bloodstained altar of Trog.
  9500 | D:8      | Found a hide-covered altar of Uskayaw.
  9501 | D:8      | Found a basalt altar of Yredelemnul.
  9502 | D:8      | Found an ornate altar of the Wu Jian Council.
  9502 | D:8      | Found a stormy altar of Qazlal.
  9502 | D:8      | Found a shimmering altar of Xom.
  9504 | D:8      | Found a deep blue altar of Sif Muna.
  9505 | D:8      | Found a burning altar of Makhleb.
  9508 | D:8      | Found a snail-covered altar of Cheibriados.
  9645 | D:9      | Noticed p0werm0de's ghost (novice OpGl)
  9678 | D:9      | Killed p0werm0de's ghost
  9678 | D:9      | Reached skill level 5 in Short Blades
  9678 | D:9      | Reached skill level 5 in Long Blades
  9678 | D:9      | Reached skill level 5 in Axes
  9678 | D:9      | Reached skill level 5 in Maces & Flails
  9678 | D:9      | Reached skill level 5 in Polearms
  9678 | D:9      | Reached skill level 5 in Staves
  9678 | D:9      | Reached skill level 5 in Slings
  9678 | D:9      | Reached skill level 5 in Bows
  9678 | D:9      | Reached skill level 5 in Crossbows
  9678 | D:9      | Reached skill level 5 in Throwing
  9678 | D:9      | Reached skill level 5 in Armour
  9678 | D:9      | Reached skill level 5 in Stealth
  9678 | D:9      | Reached skill level 5 in Shields
  9678 | D:9      | Reached skill level 5 in Evocations
  9832 | D:7      | Bought a book of Necromancy for 360 gold pieces
  9836 | D:7      | Learned a level 3 spell: Regeneration
  9838 | D:7      | Learned a level 1 spell: Animate Skeleton
 10658 | D:9      | Found a staircase to the Lair.
 11556 | D:9      | Reached XP level 11. HP: 57/82 MP: 19/22
 11953 | D:9      | Learned a level 5 spell: Borgnjor's Vile Clutch
 11973 | D:10     | Entered Level 10 of the Dungeon
 12004 | D:10     | Noticed a two-headed ogre
 12040 | D:10     | Killed a two-headed ogre
 12193 | D:10     | Learned a level 2 spell: Blink
 12373 | D:10     | Reached skill level 5 in Conjurations
 12373 | D:10     | Reached skill level 5 in Hexes
 12373 | D:10     | Reached skill level 5 in Charms
 12373 | D:10     | Reached skill level 5 in Summonings
 12373 | D:10     | Reached skill level 5 in Necromancy
 12373 | D:10     | Reached skill level 5 in Translocations
 12373 | D:10     | Reached skill level 5 in Fire Magic
 12373 | D:10     | Reached skill level 5 in Ice Magic
 12373 | D:10     | Reached skill level 5 in Air Magic
 12373 | D:10     | Reached skill level 5 in Earth Magic
 12373 | D:10     | Reached skill level 5 in Poison Magic
 12555 | D:10     | Noticed tidbits's ghost (journeyman GnEE)
 12754 | D:9      | Learned a level 5 spell: Blade Hands
 12756 | Lair:1   | Entered Level 1 of the Lair of Beasts
 12756 | Lair:1   | Noticed Harold
 12774 | Lair:1   | Killed Harold
 13566 | Lair:1   | Got a brightly glowing quarterstaff
 14498 | Lair:2   | Noticed a seven-headed hydra
 14506 | Lair:2   | Killed a two-headed hydra
 15216 | Lair:3   | Found a labyrinth entrance.
 15465 | Lair:3   | Found a staircase to the Swamp.
 15471 | Lab      | Entered a labyrinth
 17026 | Lab      | Noticed a minotaur
 17040 | Lab      | Killed a minotaur
 17040 | Lab      | Reached XP level 12. HP: 81/91 MP: 24/24
 17051 | Lab      | Got a jewelled dagger
 17053 | Lab      | Identified Lom Lobon's Tome of Orientation
 17058 | Lab      | Identified the +2 dagger of Gohenuff {pain, Str+2} (You found it in a labyrinth)
 17300 | Lair:3   | Noticed an eight-headed hydra
 17313 | Lair:3   | Killed a three-headed hydra
 18606 | Lair:4   | Found a shadowy altar of Dithmenos.
 19142 | Lair:4   | Found a hole to the Spider Nest.
 20006 | Lair:5   | Noticed Urug
 20395 | Lair:5   | Noticed a four-headed hydra
 20573 | Lair:5   | Killed a one-headed hydra
 20573 | Lair:5   | Reached skill level 10 in Unarmed Combat
 20782 | Lair:5   | Killed Urug
 21099 | Lair:5   | Found a staircase to the Slime Pits.
 21463 | Lair:6   | Entered Level 6 of the Lair of Beasts
 21580 | Lair:6   | Reached XP level 13. HP: 98/98 MP: 26/26
 22428 | Lair:6   | Noticed Josephine
 22444 | Lair:6   | Killed Josephine
 25465 | Lair:6   | Reached skill level 10 in Spellcasting
 25774 | Lair:6   | Reached XP level 14. HP: 81/108 MP: 14/28
 26373 | D:9      | Identified the cursed +1 quarterstaff "Kodghemod" {speed, rN+} (You found it on level 1 of the Lair of Beasts)
 26398 | D:9      | Learned a level 5 spell: Summon Mana Viper
 26955 | D:11     | Reached skill level 10 in Dodging
 27149 | D:11     | Found Vojych's Assorted Antiques.
 27152 | D:11     | Noticed Zorot's ghost (amateur FoFi)
 27171 | D:11     | Killed Zorot's ghost
 27219 | D:11     | Bought an encrusted cloak for 199 gold pieces
 27219 | D:11     | Bought a crystal long sword for 178 gold pieces
 27219 | D:11     | Identified the cursed +1 long sword of Fate {protect, rN+ Str-5 Dex+5} (You bought it in a shop on level 11 of the Dungeon)
 27230 | D:11     | Identified the +0 cloak of the Endless Expanse {rPois Int+4} (You bought it in a shop on level 11 of the Dungeon)
 28746 | D:12     | Found Vesosh's Antique Armour Shoppe.
 29125 | D:12     | Found a staircase to the Orcish Mines.
 29393 | D:12     | Bought a runed helmet for 232 gold pieces
 29519 | D:12     | Noticed Nergalle
 29529 | D:12     | Killed Nergalle
 29533 | D:12     | Reached skill level 10 in Invocations
 29609 | D:12     | Found Poiw's Distillery.
 29615 | D:12     | Bought a potion of magic for 128 gold pieces
 29615 | D:12     | Bought a potion of might for 64 gold pieces
 29966 | Orc:1    | Entered Level 1 of the Orcish Mines
 30157 | Orc:1    | Noticed a stone giant
 30195 | Orc:1    | Killed a stone giant
 30605 | Orc:2    | Entered Level 2 of the Orcish Mines
 31040 | Orc:2    | Noticed Azrael
 31105 | Orc:2    | Paralysed by an orc sorcerer for 6 turns
 31466 | Orc:2    | Noticed an orc warlord
 31563 | Orc:2    | Killed an orc warlord
 31731 | Orc:2    | Found Nirit's General Store.
 31807 | Orc:2    | Reached XP level 15. HP: 86/115 MP: 23/29
 31831 | Orc:2    | Found Risupnem's Antique Armour Boutique.
 31885 | Orc:2    | Killed Azrael
 32116 | Orc:2    | Found Ezafijom's Antique Weapon Emporium.
 32163 | Orc:2    | Found a staircase to the Elven Halls.
 32206 | Orc:2    | Reached skill level 10 in Fighting
 32277 | Orc:2    | Found Fowoaligg's Book Shop.
 32580 | Orc:2    | Bought a ration for 75 gold pieces
 32580 | Orc:2    | Bought a ration for 75 gold pieces
 32580 | Orc:2    | Bought a ration for 75 gold pieces
 32850 | D:12     | Bought 2 potions of curing for 96 gold pieces
 32850 | D:12     | Bought a potion of agility for 64 gold pieces
 32850 | D:12     | Bought a potion of ambrosia for 128 gold pieces
 32850 | D:12     | Bought a potion of curing for 48 gold pieces
 32850 | D:12     | Bought a potion of cancellation for 128 gold pieces
 32850 | D:12     | Bought a potion of brilliance for 64 gold pieces
 32899 | D:12     | Bought a runed scarf for 248 gold pieces
 32899 | D:12     | Bought a translucent ring mail for 279 gold pieces
 32901 | D:12     | Identified the cursed +0 ring mail of Suck {rN+ Stlth+} (You bought it in a shop on level 12 of the Dungeon)
 32993 | D:9      | Bought a ration for 60 gold pieces
 32993 | D:9      | Bought a ration for 60 gold pieces
 32993 | D:9      | Bought a ration for 60 gold pieces
 32993 | D:9      | Bought a ration for 60 gold pieces
 32993 | D:9      | Bought a ration for 60 gold pieces
 32993 | D:9      | Bought a ration for 60 gold pieces
 32993 | D:9      | Bought a ration for 60 gold pieces
 32993 | D:9      | Bought a ration for 60 gold pieces
 32993 | D:9      | Bought a ration for 60 gold pieces
 32993 | D:9      | Bought a ration for 60 gold pieces
 32993 | D:9      | Bought a ration for 60 gold pieces
 32993 | D:9      | Bought a ration for 60 gold pieces
 32994 | D:9      | Bought a glowing broad axe for 238 gold pieces
 33285 | D:13     | Noticed Kirke
 33293 | D:13     | Killed Kirke
 33975 | D:13     | Identified the Guide on Burning Creation
 33993 | D:13     | Noticed Nessos
 34006 | D:13     | Killed Nessos
 34024 | D:13     | Noticed Erolcha
 34032 | D:13     | Killed Erolcha
 34345 | D:14     | Found a gate to the Vaults.
 34364 | D:14     | Reached skill level 10 in Short Blades
 34364 | D:14     | Reached skill level 10 in Long Blades
 34364 | D:14     | Reached skill level 10 in Axes
 34364 | D:14     | Reached skill level 10 in Maces & Flails
 34364 | D:14     | Reached skill level 10 in Polearms
 34364 | D:14     | Reached skill level 10 in Staves
 34364 | D:14     | Reached skill level 10 in Slings
 34364 | D:14     | Reached skill level 10 in Bows
 34364 | D:14     | Reached skill level 10 in Crossbows
 34364 | D:14     | Reached skill level 10 in Throwing
 34364 | D:14     | Reached skill level 10 in Armour
 34364 | D:14     | Reached skill level 10 in Stealth
 34364 | D:14     | Reached skill level 10 in Shields
 34364 | D:14     | Reached skill level 10 in Evocations
 34833 | D:14     | You fall through a shaft!
 34833 | D:15     | Entered Level 15 of the Dungeon
 35633 | D:14     | Found a white marble altar of Elyvilon.
 36621 | D:15     | Found a staircase to the Depths.
 36807 | D:9      | Learned a level 4 spell: Summon Lightning Spire
 36861 | Swamp:1  | Entered Level 1 of the Swamp
 36882 | Swamp:1  | Reached XP level 16. HP: 82/124 MP: 27/31
 37503 | Swamp:1  | Noticed Nikola
 37515 | Swamp:1  | Killed Nikola
 39007 | Swamp:2  | Noticed a thorn hunter
 39016 | Swamp:2  | Killed a thorn hunter
 39267 | Swamp:2  | Noticed a thorn hunter
 39275 | Swamp:2  | Killed a thorn hunter
 39487 | Swamp:2  | Found a deep blue altar of Sif Muna.
 40101 | Swamp:3  | Noticed a thorn hunter
 40112 | Swamp:3  | Killed a thorn hunter
 41486 | Swamp:3  | Reached skill level 10 in Transmutations
 41588 | Swamp:3  | Noticed a thorn hunter
 41600 | Swamp:3  | Killed a thorn hunter
 41957 | Swamp:4  | Entered Level 4 of the Swamp
 42585 | Swamp:4  | Noticed Louise
 42619 | Swamp:4  | Killed Louise
 42641 | Swamp:4  | Noticed Bai Suzhen
 42826 | Swamp:4  | Killed Bai Suzhen
 42826 | Swamp:4  | Reached XP level 17. HP: 110/131 MP: 15/33
 43426 | Swamp:4  | Noticed the 27-headed Lernaean hydra
 43434 | Swamp:4  | Killed the 27-headed Lernaean hydra
 43627 | Swamp:4  | Got a decaying rune of Zot
 44059 | Spider:1 | Entered Level 1 of the Spider Nest
 44522 | Spider:1 | Got a shimmering buckler
 44533 | Spider:1 | Identified the +3 buckler "Cuzanuho" {rElec} (You found it on level 1 of the Spider Nest)
 45619 | Spider:2 | Noticed xight's ghost (adept DEFE)
 45645 | Spider:2 | Killed xight's ghost
 46612 | Spider:2 | Identified a scroll of acquirement
 46614 | Spider:2 | Got a faintly glowing pewter amulet
 46615 | Spider:2 | Identified the amulet "Ruryfynn" {Spirit *Slow rC+ rN+ Int+6} (You acquired it on level 2 of the Spider Nest)
 47693 | Spider:3 | Reached skill level 10 in Conjurations
 47693 | Spider:3 | Reached skill level 10 in Hexes
 47693 | Spider:3 | Reached skill level 10 in Charms
 47693 | Spider:3 | Reached skill level 10 in Summonings
 47693 | Spider:3 | Reached skill level 10 in Necromancy
 47693 | Spider:3 | Reached skill level 10 in Translocations
 47693 | Spider:3 | Reached skill level 10 in Fire Magic
 47693 | Spider:3 | Reached skill level 10 in Ice Magic
 47693 | Spider:3 | Reached skill level 10 in Air Magic
 47693 | Spider:3 | Reached skill level 10 in Earth Magic
 47693 | Spider:3 | Reached skill level 10 in Poison Magic
 48308 | Spider:4 | Entered Level 4 of the Spider Nest
 48332 | Spider:3 | Reached XP level 18. HP: 60/140 MP: 6/34
 48913 | Spider:4 | Noticed Donald
 48921 | Spider:4 | Killed Donald
 51468 | Spider:4 | Got a gossamer rune of Zot
 51811 | D:9      | Bought a warped great sword for 379 gold pieces
 51811 | D:9      | Bought an ebony rapier for 297 gold pieces
 51811 | D:9      | Bought a warped rapier for 297 gold pieces
 51811 | D:9      | Identified the cursed +0 rapier of the Absolute Madman {speed, rC++ Int+4} (You bought it in a shop on level 9 of the Dungeon)
 51817 | D:9      | Identified the +7 rapier of Exoneration {pierce, rC+ MR+ Str+4} (You bought it in a shop on level 9 of the Dungeon)
 51824 | D:9      | Identified the +3 great sword of Feiqet {venom, MR+ Dex+3 Stlth+} (You bought it in a shop on level 9 of the Dungeon)
 51976 | Vaults:1 | Entered Level 1 of the Vaults
 53270 | Vaults:1 | Found Votogy's Antique Weapon Boutique.
 53280 | Vaults:1 | Bought a bloodstained demon blade for 640 gold pieces
 53280 | Vaults:1 | Identified the +5 demon blade of Severance {flame, rN+ Dex+3} (You bought it in a shop on level 1 of the Vaults)
 53576 | Vaults:1 | Reached XP level 19. HP: 147/147 MP: 13/36
 54974 | Vaults:2 | Got an ancient ivory amulet
 54977 | Vaults:2 | Identified the amulet of Doubts {Faith Int+3 Dex+2} (You took it off an ogre mage on level 2 of the Vaults)
 56459 | Vaults:3 | Noticed a lich
 56467 | Vaults:3 | Killed a lich
 56473 | Vaults:3 | Noticed Boris
 56489 | Vaults:3 | Killed Boris
 56654 | Vaults:3 | Noticed Aizul
 56663 | Vaults:3 | Killed Aizul
 57154 | Vaults:3 | Found a staircase to the Crypt.
 57500 | Vaults:3 | Paralysed by a great orb of eyes for 4 turns
 58010 | Vaults:3 | Reached XP level 20. HP: 156/156 MP: 33/37
 58119 | Vaults:3 | Noticed Xtahua
 58140 | Vaults:3 | Killed Xtahua
 59015 | Vaults:4 | Got a black opal-studded ring mail
 59235 | Vaults:4 | Noticed a lich
 59246 | Vaults:4 | Killed a lich
 59363 | Vaults:4 | Noticed Sojobo
 59372 | Vaults:4 | Killed Sojobo
 59747 | Vaults:4 | Found Xusum's General Store.
 59755 | Vaults:4 | Bought a ration for 65 gold pieces
 59755 | Vaults:4 | Bought a ration for 65 gold pieces
 59755 | Vaults:4 | Bought a scroll of amnesia for 45 gold pieces
 59756 | Vaults:4 | Identified the cursed +1 ring mail of Beauty {Str+3} (You found it on level 4 of the Vaults)
 60783 | D:9      | Bought the +3 pair of gauntlets of War {Slay+5} for 760 gold pieces
 60783 | D:9      | Found the +3 pair of gauntlets of War {Slay+5}
 60986 | Depths:1 | Entered Level 1 of the Depths
 61229 | Depths:1 | Found Titol's Assorted Antiques.
 61409 | Depths:1 | Got a spiked leather armour
 61410 | Depths:1 | Identified the +3 leather armour "Miysyvvy" {rC+ MR- Str+9 Dex+9} (You found it on level 1 of the Depths)
 61684 | Depths:1 | Found a gateway to Hell.
 61690 | Depths:1 | Reached XP level 21. HP: 161/164 MP: 37/39
 61938 | Depths:1 | Found a one-way gate to the infinite horrors of the Abyss.
 62804 | Depths:2 | Found a gateway to a ziggurat.
 63048 | Depths:2 | Noticed a golden dragon
 63062 | Depths:2 | Killed a golden dragon
 63141 | Depths:1 | Noticed an ancient lich
 63151 | Depths:1 | Killed an ancient lich
 63165 | Depths:1 | Reached skill level 15 in Unarmed Combat
 64278 | Depths:2 | Reached skill level 15 in Invocations
 64422 | Depths:2 | Noticed the Enchantress
 64430 | Depths:2 | Killed the Enchantress
 64669 | Depths:2 | Got faerie dragon scales
 64688 | Depths:2 | Identified the +4 faerie dragon scales {rCorr HP+9 Int+5} (You took it off the Enchantress on level 2 of the Depths)
 64916 | Depths:2 | Found a portal to a secret trove of treasure.
 65093 | Depths:2 | Noticed a caustic shrike
 65102 | Depths:2 | Killed a caustic shrike
 65138 | Depths:2 | Reached XP level 22. HP: 126/172 MP: 16/40
 65323 | Depths:2 | Got a clouded amethyst amulet
 65663 | Depths:2 | Identified the amulet of the Tempest {Spirit -Tele Int+5 Dex+2} (You took it off a spriggan berserker on level 2 of the Depths)
 65812 | Depths:2 | Noticed a caustic shrike
 65819 | Depths:2 | Killed a caustic shrike
 66361 | Depths:3 | Found Ryaklo's Distillery.
 66421 | Depths:3 | Bought 2 potions of mutation for 384 gold pieces
 66421 | Depths:3 | Bought a potion of haste for 240 gold pieces
 66557 | Depths:3 | Found Tekuur's General Store.
 66590 | Depths:3 | Bought a ration for 105 gold pieces
 66593 | Depths:3 | Found Qadeuz's Jewellery Emporium.
 66703 | Depths:3 | Found a one-way gate leading to the halls of Pandemonium.
 66832 | Depths:3 | Found Mofraub's Food Shop.
 66844 | Depths:3 | Got a bloodstained plate armour
 66861 | Depths:3 | Identified the cursed +0 plate armour "Veaniad" {Str+4 Slay+5} (You found it on level 3 of the Depths)
 66910 | Depths:3 | Noticed Boris
 66935 | Depths:3 | Killed Boris
 66935 | Depths:3 | Reached skill level 15 in Spellcasting
 67479 | D:9      | Learned a level 7 spell: Malign Gateway
 67671 | Depths:1 | Bought a pair of glowing boots for 352 gold pieces
 67681 | Depths:1 | Identified a +0 pair of boots of running (You bought it in a shop on level 1 of the Depths)
 67682 | Depths:1 | Bought a potion of heal wounds for 235 gold pieces
 67682 | Depths:1 | Bought a scroll of blinking for 352 gold pieces
 67682 | Depths:1 | Bought a potion of brilliance for 188 gold pieces
 67682 | Depths:1 | Bought a warped spear for 376 gold pieces
 67682 | Depths:1 | Identified the +8 spear of Watchfulness {flame, rPois} (You bought it in a shop on level 1 of the Depths)
 68064 | Depths:3 | Found Irphuuxzar's Armour Emporium.
 68133 | Depths:3 | Found a corrupted altar of Lugonu.
 68455 | Depths:4 | Noticed a golden dragon
 68470 | Depths:4 | Killed a golden dragon
 68495 | Depths:3 | Reached skill level 15 in Dodging
 68639 | Depths:4 | Paralysed by a floating eye for 3 turns
 68712 | Depths:4 | Noticed a golden dragon
 68720 | Depths:4 | Killed a golden dragon
 69574 | Depths:4 | Got a transparent plate armour
 69575 | Depths:4 | Identified the cursed +1 plate armour "Enacsoul" {-Tele rF+ SInv} (You found it on level 4 of the Depths)
 69897 | D:9      | Learned a level 7 spell: Orb of Destruction
 70450 | Depths:5 | Entered Level 5 of the Depths
 70481 | Depths:5 | Noticed a golden dragon
 70503 | Depths:5 | Killed a golden dragon
 70656 | Depths:5 | Found a gate to the Realm of Zot.
 70709 | Depths:5 | Reached XP level 23. HP: 180/180 MP: 27/42
 70951 | Depths:5 | Found Opleben's Weapon Shoppe.
 71803 | Depths:5 | Reached skill level 15 in Fighting
 71923 | Depths:5 | Got a translucent plate armour
 71924 | Depths:5 | Identified the cursed +1 plate armour of Eternity {MR- Str+6 Stlth+} (You found it on level 5 of the Depths)
 72440 | Slime:1  | Entered Level 1 of the Pits of Slime
 73966 | Slime:3  | Gained mutation: You are dopey. (Int -2) [a shining eye]
 74045 | Slime:3  | Reached skill level 15 in Short Blades
 74045 | Slime:3  | Reached skill level 15 in Long Blades
 74045 | Slime:3  | Reached skill level 15 in Axes
 74045 | Slime:3  | Reached skill level 15 in Maces & Flails
 74045 | Slime:3  | Reached skill level 15 in Polearms
 74045 | Slime:3  | Reached skill level 15 in Staves
 74045 | Slime:3  | Reached skill level 15 in Slings
 74045 | Slime:3  | Reached skill level 15 in Bows
 74045 | Slime:3  | Reached skill level 15 in Crossbows
 74045 | Slime:3  | Reached skill level 15 in Throwing
 74045 | Slime:3  | Reached skill level 15 in Armour
 74045 | Slime:3  | Reached skill level 15 in Stealth
 74045 | Slime:3  | Reached skill level 15 in Shields
 74045 | Slime:3  | Reached skill level 15 in Evocations
 75470 | Slime:3  | Gained mutation: You occasionally shout uncontrollably at your foes. [a shining eye]
 76447 | Slime:5  | Entered Level 5 of the Pits of Slime
 76506 | Slime:5  | Noticed the Royal Jelly
 76517 | Slime:5  | Noticed a golden dragon
 76517 | Slime:5  | an acid blob changed into a golden dragon
 77053 | Slime:5  | Killed a golden dragon
 77421 | Slime:5  | HP: 5/191 [azure jelly[the Royal Jelly] (11)]
 77421 | Slime:5  | Mangled by an azure jelly

Skill      XL: |  1  2  3  4  5  6  7  8  9 10 11 12 13 14 15 16 17 18 19 20 21 22 23 |
---------------+----------------------------------------------------------------------+-----
Spellcasting   | 5 6 7 8 9 10 11 12 13 14 15 | 15.8
Invocations    | 1 2 3 4 5 6 7 8 9 10 11 12 13 14 15 16 | 16.4
Short Blades   | 1 2 3 4 5 6 7 8 9 10 11 12 13 14 15 | 15.2
Long Blades    | 1 2 3 4 5 6 7 8 9 10 11 12 13 14 15 | 15.2
Axes           | 1 2 3 4 5 6 7 8 9 10 11 12 13 14 15 | 15.2
Maces & Flails | 1 2 3 4 5 6 7 8 9 10 11 12 13 14 15 | 15.2
Polearms       | 1 2 3 4 5 6 7 8 9 10 11 12 13 14 15 | 15.2
Staves         | 1 2 3 4 5 6 7 8 9 10 11 12 13 14 15 | 15.2
Slings         | 1 2 3 4 5 6 7 8 9 10 11 12 13 14 15 | 15.2
Bows           | 1 2 3 4 5 6 7 8 9 10 11 12 13 14 15 | 15.2
Crossbows      | 1 2 3 4 5 6 7 8 9 10 11 12 13 14 15 | 15.2
Throwing       | 1 2 3 4 5 6 7 8 9 10 11 12 13 14 15 | 15.2
Armour         | 1 2 3 4 5 6 7 8 9 10 11 12 13 14 15 | 15.2
Stealth        | 1 2 3 4 5 6 7 8 9 10 11 12 13 14 15 | 15.2
Shields        | 1 2 3 4 5 6 7 8 9 10 11 12 13 14 15 | 15.2
Evocations     | 1 2 3 4 5 6 7 8 9 10 11 12 13 14 15 | 15.2
Conjurations   | 1 2 3 4 5 6 7 8 9 10 11 12 13 | 13.1
Hexes          | 1 2 3 4 5 6 7 8 9 10 11 12 13 | 13.1
Charms         | 1 2 3 4 5 6 7 8 9 10 11 12 13 | 13.1
Summonings     | 1 2 3 4 5 6 7 8 9 10 11 12 13 | 13.1
Necromancy     | 1 2 3 4 5 6 7 8 9 10 11 12 13 | 13.1
Translocations | 1 2 3 4 5 6 7 8 9 10 11 12 13 | 13.1
Fire Magic     | 1 2 3 4 5 6 7 8 9 10 11 12 13 | 13.1
Ice Magic      | 1 2 3 4 5 6 7 8 9 10 11 12 13 | 13.1
Air Magic      | 1 2 3 4 5 6 7 8 9 10 11 12 13 | 13.1
Earth Magic    | 1 2 3 4 5 6 7 8 9 10 11 12 13 | 13.1
Poison Magic   | 1 2 3 4 5 6 7 8 9 10 11 12 13 | 13.1
Fighting       | 3 4 5 6 7 8 9 10 11 12 13 14 15 | 15.4
Transmutations | 4 5 6 7 8 9 10 11 12 13 | 13.5
Dodging        | 5 6 7 8 9 10 11 12 13 14 15 | 15.7
Unarmed Combat | 7 8 9 10 11 12 13 14 15 16 | 16.2

Action                   |  1- 3 |  4- 6 |  7- 9 | 10-12 | 13-15 | 16-18 | 19-21 | 22-24 || total
-------------------------+-------+-------+-------+-------+-------+-------+-------+-------++-------
Melee: Short sword       |    95 |    57 |   371 |   509 |   419 |       |       |       ||  1451
       Unarmed           |     8 |    66 |    69 |   146 |   307 |    63 |    13 |       ||   672
       Bite              |    11 |     4 |    40 |    74 |   184 |   107 |   161 |   155 ||   736
       Punch             |     1 |     2 |       |     1 |    11 |     6 |     1 |       ||    22
       Headbutt          |       |       |    19 |    64 |       |       |       |       ||    83
       Kick              |       |       |    12 |       |       |       |       |       ||    12
       Scimitar          |       |       |       |    51 |   284 |    40 |       |       ||   375
       Broad axe         |       |       |       |       |   273 |   695 |       |   170 ||  1138
       Rapier            |       |       |       |       |       |    74 |       |       ||    74
       Demon blade       |       |       |       |       |       |     7 |   851 |   530 ||  1388
Throw: Stone             |     2 |     1 |    17 |    63 |   180 |   221 |    34 |    42 ||   560
       Javelin           |       |       |       |       |    26 |       |    38 |    57 ||   121
       Tomahawk          |       |       |       |       |    11 |    47 |       |    31 ||    89
       Throwing net      |       |       |       |       |       |       |       |     5 ||     5
 Cast: Spider Form       |       |     8 |     8 |       |       |       |       |       ||    16
       Beastly Appendage |       |       |     4 |    25 |       |       |       |       ||    29
       Ice Form          |       |       |       |    14 |     2 |       |       |       ||    16
       Regeneration      |       |       |       |     5 |     1 |    17 |     1 |     1 ||    25
       Sticks to Snakes  |       |       |       |     2 |       |       |       |       ||     2
       Blade Hands       |       |       |       |     1 |    18 |     8 |     1 |       ||    28
       Borgnjor's Vile C |       |       |       |     1 |    61 |    94 |    96 |    45 ||   297
       Blink             |       |       |       |       |     1 |     2 |       |     3 ||     6
       Summon Mana Viper |       |       |       |       |     2 |    46 |    40 |    35 ||   123
       Summon Lightning  |       |       |       |       |     1 |    65 |    72 |    63 ||   201
       Malign Gateway    |       |       |       |       |       |       |       |    14 ||    14
Invok: Potion Petition   |       |       |       |     2 |     2 |     3 |     2 |     3 ||    12
       Call Merchant     |       |       |       |       |     2 |     2 |     1 |       ||     5
Evoke: Wand              |       |       |       |     1 |     4 |    24 |     6 |     8 ||    43
       Lamp of fire      |       |       |       |       |       |       |       |     2 ||     2
  Use: Scroll            |     1 |       |     8 |    17 |    15 |    10 |     7 |    14 ||    72
       Potion            |       |       |       |     6 |     6 |    10 |     5 |     6 ||    33
 Stab: Sleeping          |     3 |     3 |    10 |    10 |    18 |     4 |     6 |     9 ||    63
       Distracted        |       |       |     1 |     4 |    17 |    24 |    36 |    27 ||   109
       Invisible         |       |       |       |     4 |       |       |       |       ||     4
       Petrifying        |       |       |       |       |       |     2 |       |     1 ||     3
       Petrified         |       |       |       |       |       |     1 |       |     1 ||     2
       Paralysed         |       |       |       |       |       |       |       |     4 ||     4
       Held in net/web   |       |       |       |       |       |       |       |     3 ||     3
       Confused          |       |       |       |       |       |       |       |     1 ||     1
  Eat: Chunk             |     3 |     3 |     1 |       |       |       |       |       ||     7
       Ration            |     1 |     1 |     5 |    13 |    20 |    20 |    11 |    12 ||    83
Armor: Robe              |    15 |     3 |     6 |       |       |       |       |       ||    24
       Skin              |       |     2 |     1 |    31 |     8 |       |       |       ||    42
       Leather armour    |       |       |    88 |   112 |   300 |   340 |    81 |       ||   921
       Ring mail         |       |       |       |       |       |       |    62 |       ||    62
       Acid dragon scale |       |       |       |       |       |       |    12 |   191 ||   203
       Plate armour      |       |       |       |       |       |       |       |     9 ||     9
Dodge: Dodged            |    79 |    96 |   287 |   429 |   800 |   881 |   453 |   438 ||  3463
Block: Buckler           |       |     2 |    66 |   123 |   250 |   512 |   281 |   271 ||  1505
       Rpst.: Scimitar   |       |       |       |     8 |    46 |     3 |       |       ||    57
       Demon blade       |       |       |       |       |       |       |    95 |    49 ||   144
